 Dungeon Crawl Stone Soup version 0.18-a0-455-gc7d4c65 (webtiles) character file.

116 4thArraOfDagon the Insei (level 4, -1/35 HPs)
             Began as a Mummy Monk on Dec 1, 2015.
             Slain by nublet's ghost (21 damage)
             ... on level 5 of the Dungeon.
             The game lasted 00:03:55 (1140 turns).

4thArraOfDagon the Insei (Mummy Monk)               Turns: 1140, Time: 00:03:55

Health: -1/35      AC:  5    Str: 14    XL:     4   Next: 69%
Magic:  5/13       EV: 11    Int: 13    God:
Gold:   53         SH:  0    Dex: 15    Spells: 0 memorised, 3 levels left

rFire  x . .     SeeInvis .       - Unarmed
rCold  + . .     Clarity  .     b - +0 ring mail "Wuistrulu" {rCorr MP+9 Int+4 Slay-2} (curse)
rNeg   + + +     SustAt   .     (no shield)
rPois  ∞         Gourm    .     (no helmet)
rElec  .         Spirit   .     (no cloak)
rCorr  +         Dsmss    .     (no gloves)
rMut   .         Stasis   .     (no boots)
MR     .....                    (no amulet)
Stlth  +.........               (no ring)
                                (no ring)

@: not resistant to hostile enchantments, very unstealthy
A: no food or potions, fire vulnerability, cold resistance 1, negative energy
resistance 3, torment resistance, unbreathing
a: no special abilities


You were on level 5 of the Dungeon.
You were not hungry.

You visited 1 branch of the dungeon, and saw 6 of its levels.

You collected 53 gold pieces.

Inventory:

Hand Weapons
 c - a cursed +0 hand axe
Armour
 b - the cursed +0 ring mail "Wuistrulu" (worn) {rCorr MP+9 Int+4 Slay-2}
   (You found it on level 4 of the Dungeon)

   It affects your intelligence (+4).
   It affects your accuracy and damage with ranged weapons and melee attacks
   (-2).
   It affects your magic capacity (+9).
   It protects you from acid and corrosion.
   It has a curse placed upon it.
 e - a +1 scale mail
Books
 a - a Fen Folio

   Spells                             Type                      Level
   a - Corpse Rot                     Necromancy                   2
   b - Stone Arrow                    Conjuration/Earth            3
   c - Leda's Liquefaction            Hexes/Earth                  4
   d - Summon Forest                  Summoning/Translocation      5
   e - Hydra Form                     Transmutation                6
   f - Summon Hydra                   Summoning                    7


   Skills:
 - Level 3.0 Fighting
 - Level 2.4 Dodging
 - Level 1.5 Stealth
 * Level 5.0 Unarmed Combat


You had 3 spell levels left.
You didn't know any spells.

Dungeon Overview and Level Annotations

Branches:
Dungeon (6/15)
 Temple: D:4-7

Altars:
Ashenzari
Qazlal

Annotations:
D:3 Grinder
D:5 nublet's ghost, novice TrMo


Innate Abilities, Weirdness & Mutations

You do not eat or drink.
Your flesh is vulnerable to fire.
You are immune to poison.
Your flesh is cold resistant.
You are immune to negative energy.
You are immune to unholy pain and torment.
You can survive without breathing.


Message History

Read which item? (? for menu, Esc to quit)
Okay, then.
Found a scroll of remove curse.
Found a metallic white potion.
Found a shiny helmet.
Found a stone staircase leading up.
A worker ant and an ogre come into view.
The ogre shouts!
Found a stone staircase leading down.
Unknown command.
There is a stone staircase leading down here.
You climb downwards.
Nublet's ghost (novice Troll Monk) comes into view.
Nublet's ghost turns its malevolent gaze towards you.
Found a scroll labeled XUYNIB SUZUFEOV.
There is a stone staircase leading up here.
Nublet's ghost hits you but does no damage.
Unknown command.
Nublet's ghost hits you!!
Ouch! That really hurt!
You die...

#. #.
#.
#.###
##...##
#.....#
#....<#
#.....#
##.@W##
##.##
#.# #.#
#.# #.#
#.# #..


You could see nublet's ghost.

Vanquished Creatures
  A giant frog skeleton (D:4)
  2 worker ants
  2 adders (D:4)
  2 orcs (D:4)
  A ball python (D:5)
  A giant cockroach (D:4)
  2 hobgoblins (D:1)
  3 bats
  3 giant newts
  4 rats
21 creatures vanquished.

Notes
Turn   | Place    | Note
--------------------------------------------------------------
     0 | D:1      | 4thArraOfDagon the Mummy Monk began the quest for the Orb.
     0 | D:1      | Reached XP level 1. HP: 18/18 MP: 1/1
   225 | D:2      | Found a faded altar to an unknown god.
   309 | D:3      | Reached XP level 2. HP: 6/24 MP: 2/2
   475 | D:3      | Noticed Grinder
   562 | D:5      | Entered Level 5 of the Dungeon
   579 | D:6      | Noticed a giant frog
   586 | D:5      | Reached skill level 4 in Unarmed Combat
   622 | D:5      | Reached XP level 3. HP: 2/29 MP: 3/3
   939 | D:5      | Noticed an ogre
  1013 | D:4      | Reached XP level 4. HP: 13/35 MP: 4/4
  1017 | D:4      | Found a shattered altar of Ashenzari.
  1048 | D:4      | Found a stormy altar of Qazlal.
  1101 | D:4      | Got a transparent ring mail
  1112 | D:4      | Reached skill level 5 in Unarmed Combat
  1126 | D:4      | Identified the cursed +0 ring mail "Wuistrulu" {rCorr MP+9 Int+4 Slay-2} (You found it on level 4 of the Dungeon)
  1130 | D:4      | Noticed an ogre
  1138 | D:5      | Noticed nublet's ghost (novice TrMo)
  1140 | D:5      | Slain by nublet's ghost

Vault maps used:
D:1:      wheals_arrival_linesprint
D:2:      ecumenical_altar_2
D:3:      uniq_terence, uniq_grinder, uniq_natasha
D:4:      lemuel_crystal_altar, lemuel_coloured_pillars_altar,
          sigmund_edmund_badplayer, uniq_blork_the_orc
D:5:      vehumet_crystals, lemuel_crystal_altar,
          minmay_temple_entry_nine_rooms, first_bread

Action                   |  1- 3 |  4- 6 || total
-------------------------+-------+-------++-------
Melee: Unarmed           |    95 |    12 ||   107
  Use: Scroll            |     4 |       ||     4
 Stab: Sleeping          |     2 |       ||     2
